 Dungeon Crawl Stone Soup version 0.28-a0-1190-g77e1c55843 (webtiles) character file.

Game seed: 5643797912273898906

0 Gargoyl the Skirmisher (level 1, 18/23 HPs)
             Began as a Gnoll Abyssal Knight on Dec 18, 2021.
             Was a Follower of Lugonu.
             Quit the game on level 1 of the Abyss.
             The game lasted 00:00:30 (146 turns).

Gargoyl the Skirmisher (Gnoll Abyssal Knight)        Turns: 146, Time: 00:00:30

Health: 18/23      AC:  2    Str: 12      XL:     1   Next: 0%
Magic:  3/3        EV: 12    Int:  8 (9)  God:    Lugonu [*.....]
Gold:   0          SH:  0    Dex: 12      Spells: 0/0 levels left

rFire   . . .      SeeInvis .   a - +1 hand axe
rCold   . . .      Faith    .   (no shield)
rNeg    . . .      Spirit   .   b - +0 leather armour
rPois   .          Reflect  .   (no helmet)
rElec   .          Harm     .   (no cloak)
rCorr   .          Rampage  .   (no gloves)
Will    +....                   (no boots)
Stlth   +.........              (no amulet)
HPRegen 0.07/turn               c - ring of willpower
MPRegen 0.08/turn               (no ring)

@: very slow
A: fangs 1, strong nose, distributed training, [deformed body], [screaming 2],
[subdued magic 2]
a: Renounce Religion, Depart the Abyss


You were on level 1 of the Abyss.
You worshipped Lugonu.
Lugonu was aware of your devotion.
You visited 0 branches of the dungeon, and saw 0 of its levels.
You visited the Abyss 1 time.

Inventory:

Hand Weapons
 a - a +1 hand axe (weapon)
Armour
 b - a +0 leather armour (worn)
Jewellery
 c - a ring of willpower (left hand)


   Skills:
 + Level 6.4 Fighting
 + Level 0.0 Short Blades
 + Level 0.0 Long Blades
 + Level 4.4 Axes
 + Level 0.0 Maces & Flails
 + Level 0.0 Polearms
 + Level 0.0 Staves
 + Level 0.0 Slings
 + Level 0.0 Bows
 + Level 0.0 Crossbows
 + Level 0.0 Throwing
 + Level 4.4 Armour
 + Level 2.3 Dodging
 + Level 0.0 Stealth
 + Level 0.0 Shields
 + Level 0.0 Unarmed Combat
 + Level 0.0 Spellcasting
 + Level 0.0 Conjurations
 + Level 0.0 Hexes
 + Level 0.0 Summonings
 + Level 0.0 Necromancy
 + Level 0.0 Translocations
 + Level 0.0 Transmutations
 + Level 0.0 Fire Magic
 + Level 0.0 Ice Magic
 + Level 0.0 Air Magic
 + Level 0.0 Earth Magic
 + Level 0.0 Poison Magic
 + Level 4.4 Invocations
 + Level 0.0 Evocations


You couldn't memorise any spells.
You didn't know any spells.
Your spell library was empty.

Dungeon Overview and Level Annotations

Branches:
Dungeon (0/15)

Altars:


Innate Abilities, Weirdness & Mutations

You have very sharp teeth.
Your uncanny sense of smell can sniff out nearby items.
Your experience applies equally to all skills.
[Armour fits poorly on your strangely shaped body.]
[You frequently scream uncontrollably at your foes.]
[Your spells are easier to cast, but less powerful.]


Message History

Found a burning altar of Makhleb.
The rime drake changes into an ogre!
A wretched star comes into view.
The ogre changes into a centaur!
A ynoxinul comes into view.
The ynoxinul bellows!
The ynoxinul gestures.
The wretched star pulses with an eldritch light!
Your body twists and deforms.
The wretched star pulses with an eldritch light!
You feel the urge to shout.
You feel a strong urge to scream.
Found a short glowing staff.
The wretched star pulses with an eldritch light!
Your connection to magic feels subdued.
Your connection to magic feels more subdued.
The ynoxinul gestures.
A tentacled starspawn comes into view.
Tentacles burst from the starspawn's body!
You screech at the starspawn tentacle! 2 starspawn tentacles come into view.
Something shouts, "Get thee gone, thou craven ill-nurtured buzzard-bait!"
You hear a croak.
A tentacle flies out from the starspawn's body!
A starspawn tentacle comes into view.
The starspawn tentacle grabs you. The starspawn tentacle constricts you.
A starspawn tentacle comes into view.
You escape the starspawn tentacle's grasp.
An iron imp comes into view.
You enter the shallow water.
Moving in this stuff is going to be slow.
The iron imp shouts, "Return whence thou came, thou frothy toad-spotted reprobate!"
A chaos spawn comes into view.
The ufetubus closely misses you. x2; The starspawn tentacle grabs you.
The starspawn tentacle constricts you.
The starspawn tentacle loses its grip on you.
The tentacle pulls you backwards!
Splash!
Unknown command.
Are you sure you want to abandon this character and quit the game? (Confirm with "yes".)
Okay, then.
Are you sure you want to abandon this character and quit the game? (Confirm with "yes".)

≈≈≈.#≈ ### #≈≈≈..
#..####....≈# .
#.#...##≈≈≈≈#..
§....##≈≈≈≈♣..##
#...###≈≈≈≈#..
##..X─##≈≈...#
#.#<#.w5≈#..#
#.##.──w@≈.##. #
###.≈#*3..c..#
#.##..5.#.|....# #.
...#...#3#....#
.....#...##.#.#.#...
.####......#.#. ..
#.##..4.###. . . ##
##..#...#.##
#...#.###


You could see a tentacled starspawn, a wretched star, a neqoxec, a ynoxinul, a
chaos spawn, a centaur shaped shifter, 2 starspawn tentacles and 2 ufetubi.

Vanquished Creatures (others)
  2 starspawn tentacles (Abyss:1)
2 creatures vanquished.

Notes
Turn   | Place    | Note
-------+----------+-------------------------------------------
     0 | Abyss:1  | Gargoyl the Gnoll Abyssal Knight began the quest for the
                  | Orb.
     0 | Abyss:1  | Reached XP level 1. HP: 23/23 MP: 3/3
    56 | Abyss:1  | Found a corrupted altar of Lugonu.
    96 | Abyss:1  | Noticed a cane toad
   106 | Abyss:1  | Noticed a rime drake
   106 | Abyss:1  | a cane toad changed into a rime drake
   112 | Abyss:1  | Noticed a large abomination
   114 | Abyss:1  | Noticed a neqoxec
   121 | Abyss:1  | Found a burning altar of Makhleb.
   121 | Abyss:1  | Noticed an ogre
   121 | Abyss:1  | a rime drake changed into an ogre
   122 | Abyss:1  | Noticed a wretched star
   124 | Abyss:1  | Noticed a centaur
   124 | Abyss:1  | an ogre changed into a centaur
   125 | Abyss:1  | Noticed a ynoxinul
   139 | Abyss:1  | Noticed a tentacled starspawn
   144 | Abyss:1  | Noticed an iron imp
   145 | Abyss:1  | Noticed a chaos spawn
   146 | Abyss:1  | Quit the game

Illustrated notes

Levels and vault maps discovered:
Abyss:1:  base: Temple, base: Temple, evilmike_abyss_exit_plants

Action                   || total
-------------------------++-------
Dodge: Dodged            ||     4

Table legend: (Time is in decaauts)
 A = Elapsed time spent in this place.
 B = Non-inter-level travel time spent in this place.
 C = Inter-level travel time spent in this place.
 D = Time resting spent in this place.
 E = Time spent auto-exploring this place.
 F = Levels seen in this place.
 G = Mean time per level.
                   A        B        C        D        E       F      G
               +--------+--------+--------+--------+--------+-----+--------+
         Total |    146 |    146 |      0 |      0 |     93 |   1 |  146.0 |
         Abyss |    146 |    146 |      0 |      0 |     93 |   1 |  146.0 |
               +--------+--------+--------+--------+--------+-----+--------+

Top non-repeatable levels by time:
 Abyss:1: 146 daAuts
